 Dungeon Crawl Stone Soup version 0.29-a0-557-g43b9904bd1 (webtiles) character file.

Game seed: 15585299798175286304

240 kae the Firebug (level 5, -2/28 HPs)
             Began as a Deep Elf Fire Elementalist on June 8, 2022.
             Slain by an orc
             ... wielding a +0 flail
              (8 damage)
             ... on level 3 of the Dungeon.
             The game lasted 00:01:51 (3157 turns).

kae the Firebug (Deep Elf Fire Elementalist)        Turns: 3157, Time: 00:01:52

Health: -2/28      AC:  4    Str:  5    XL:     5   Next: 80%
Magic:  4/13       EV: 12    Int: 22    God:
Gold:   127        SH:  4    Dex: 15    Spells: 9/12 levels left

rFire   . . .      SeeInvis .   (no weapon)
rCold   . . .      Faith    .   l - +0 buckler
rNeg    . . .      Spirit   .   a - +0 robe
rPois   .          Reflect  .   g - +0 helmet
rElec   .          Harm     .   k - +0 cloak
rCorr   .          Rampage  .   (no gloves)
Will    .....                   (no boots)
Stlth   ++........              (no amulet)
HPRegen 0.09/turn               (no ring)
MPRegen 0.13/turn               (no ring)

@: no status effects
A: no striking features
a: no special abilities


You were on level 3 of the Dungeon.
You visited 1 branch of the dungeon, and saw 3 of its levels.

You collected 127 gold pieces.

Inventory:

Hand Weapons
 c - a +0 hand axe
Armour
 a - a +0 robe (worn)
 g - a +0 helmet (worn)
 k - a +0 cloak (worn)
 l - a +0 buckler (worn)
Wands
 m - a wand of digging (5)
Scrolls
 d - a scroll of teleportation
 h - a scroll of vulnerability {unknown}
 i - a scroll of blinking {unknown}
 o - a scroll of identify
 p - a scroll of poison {unknown}
Potions
 b - a potion of magic
 e - 2 potions of mutation
 f - a potion of heal wounds {unknown}
 j - 2 potions of invisibility {unknown}
 n - a potion of attraction {unknown}


   Skills:
 - Level 2.4 Dodging
 - Level 2.4 Stealth
 + Level 0.7 Shields
 + Level 4.3 Spellcasting
 * Level 3.9 Conjurations
 * Level 5.2 Fire Magic


You had 9 spell levels left.
You knew the following spells:

 Your Spells              Type           Power      Damage    Failure   Level
a - Foxfire               Conj/Fire      100%       2x1d9     2%          1
b - Scorch                Fire           54%        2d7       2%          2

Your spell library contained the following spells:

 Spells                   Type           Power      Damage    Failure   Level
 Conjure Flame            Conj/Fire      25%        6-21      7%          3
 Inner Flame              Hex/Fire       16%        N/A       16%         3
 Flame Wave               Conj/Fire      25%        2d7       22%         4
 Summon Forest            Summ/Tloc      2%         N/A       99%         5
 Summon Mana Viper        Hex/Summ       4%         N/A       99%         5
 Summon Cactus Giant      Summ           2%         N/A       100%        6


Dungeon Overview and Level Annotations

Branches:
Dungeon (3/15)

Altars:
Okawaru
Yredelemnul

Shops:
D:1 *


Message History

There are monsters nearby!
There are monsters nearby!
Casting: Scorch (safe; 2% risk of failure)
Confirm with . or Enter, or press ? or * to list all spells.
You conjure some foxfire!
The orc is no longer more vulnerable to fire.
The foxfire hits the orc but does no damage.
The orc is moderately wounded.
Casting: Foxfire (safe; 2% risk of failure)
Confirm with . or Enter, or press ? or * to list all spells.
You conjure some foxfire!
The orc closely misses you.
The foxfire hits the orc but does no damage.
The orc hits you but does no damage.
Casting: Foxfire (safe; 2% risk of failure)
Confirm with . or Enter, or press ? or * to list all spells.
There is not enough space to conjure foxfire!
Casting: Foxfire (safe; 2% risk of failure)
Confirm with . or Enter, or press ? or * to list all spells.
Flames lash the orc.
You kill the orc!
The orc hits you but does no damage.
The orc priest mumbles some strange prayers to Beogh against you.
Beogh smites you! You block the orc's attack. x2
Casting: Scorch (safe; 2% risk of failure)
Confirm with . or Enter, or press ? or * to list all spells.
Flames lash the orc priest.
You kill the orc priest!
The orc completely misses you. The orc hits you with a +0 flail.
The orc hits you but does no damage. The orc closely misses you.
An orc comes into view. It is wielding a +0 short sword.
Casting: Scorch (safe; 2% risk of failure)
Confirm with . or Enter, or press ? or * to list all spells.
Flames lash the orc.
You kill the orc!
The orc hits you with a +0 hand axe. The orc closely misses you.
The orc hits you with a +0 hand axe.
* * * LOW HITPOINT WARNING * * *
The orc hits you with a +0 flail!
You die...

#################.#
#.......)..@o)....#
#.##########o.....#
#.# )..#.## #.#
.#.# #.####### .#.#
######........ .# #
.............. .#
##..........#. ..
#.########.#


You could see 2 orcs.

Vanquished Creatures
  An ogre (D:2)
  An orc priest (D:3)
  A gnoll shaman (D:2)
  3 gnolls
  2 adders
  2 orcs (D:3)
  An endoplasm (D:1)
  2 giant cockroaches
  4 goblins
  6 hobgoblins
  3 jackals (D:2)
  A quokka (D:1)
  5 ball pythons
  A bat (D:1)
  4 frilled lizards
  10 kobolds
  7 rats
54 creatures vanquished.

Vanquished Creatures (others)
  131 foxfires
131 creatures vanquished.

Grand Total: 185 creatures vanquished

Notes
Turn   | Place    | Note
-------+----------+-------------------------------------------
     0 | D:1      | kae the Deep Elf Fire Elementalist began the quest for the
                  | Orb.
     0 | D:1      | Reached XP level 1. HP: 10/10 MP: 6/6
   401 | D:1      | Found a faded altar of an unknown god.
   549 | D:1      | Reached XP level 2. HP: 15/15 MP: 2/8
  1145 | D:1      | Found Pircheqi's General Store.
  1602 | D:2      | Learned a level 2 spell: Scorch
  1655 | D:2      | Reached XP level 3. HP: 19/19 MP: 5/9
  1846 | D:2      | Noticed an ogre
  1891 | D:2      | Killed an ogre
  1892 | D:2      | Reached skill level 4 in Fire Magic
  1892 | D:2      | Reached XP level 4. HP: 24/24 MP: 6/12
  2489 | D:3      | Reached XP level 5. HP: 28/28 MP: 10/13
  2807 | D:3      | Reached skill level 5 in Fire Magic
  2873 | D:3      | Found a basalt altar of Yredelemnul.
  2884 | D:3      | Found an iron altar of Okawaru.
  3157 | D:3      | Slain by an orc

Illustrated notes

Levels and vault maps discovered:
D:1:      matt_arrival_spirals, layout_loops_ring, basic_ecumenical_altar,
          serial_shops, nicolae_lakefront_shop
D:2:      layout_basic
D:3:      layout_basic, overflow_temple_1_default, okawaru_metal_pillars_3

Skill      XL: |  1  2  3  4  5 |
---------------+----------------+-----
Conjurations   | 2 3 |  3.9
Spellcasting   | 4 |  4.3
Fire Magic     | 4 5 |  5.2
Dodging        | |  2.4
Stealth        | |  2.4
Shields        | |  0.7

Action                   |  1- 3 |  4- 6 || total
-------------------------+-------+-------++-------
Melee: Unarmed           |     1 |       ||     1
 Cast: Foxfire           |    57 |    34 ||    91
       Scorch            |     1 |    16 ||    17
  Use: Scroll            |     2 |       ||     2
Armor: Robe              |     1 |     5 ||     6
Dodge: Dodged            |     5 |    16 ||    21
Block: Buckler           |       |     2 ||     2

Table legend: (Time is in decaauts)
 A = Elapsed time spent in this place.
 B = Non-inter-level travel time spent in this place.
 C = Inter-level travel time spent in this place.
 D = Time resting spent in this place.
 E = Time spent auto-exploring this place.
 F = Levels seen in this place.
 G = Mean time per level.
                   A        B        C        D        E       F      G
               +--------+--------+--------+--------+--------+-----+--------+
         Total |   3158 |   3022 |    136 |      0 |   2615 |   3 | 1052.7 |
       Dungeon |   3158 |   3022 |    136 |      0 |   2615 |   3 | 1052.7 |
               +--------+--------+--------+--------+--------+-----+--------+

Top non-repeatable levels by time:
     D:1: 1294 daAuts
     D:2: 1268 daAuts
     D:3: 595 daAuts
